 Dungeon Crawl Stone Soup version 0.19.5 (webtiles) character file.

4 tidbits the Slasher (level 1, -1/12 HPs)
             Began as a High Elf Wanderer on Oct 31, 2017.
             Slain by Ijyb
             ... wielding a +6 club
              (2 damage)
             ... on level 2 of the Dungeon.
             The game lasted 00:02:13 (243 turns).

tidbits the Slasher (High Elf Wanderer)              Turns: 243, Time: 00:02:14

Health: -1/12      AC:  2    Str: 17    XL:     1   Next: 50%
Magic:  3/3        EV: 17    Int: 14    God:
Gold:   10         SH:  0    Dex: 19    Spells: 1 memorised, 1 level left

rFire  . . .     SeeInvis .     a - +0 quarterstaff
rCold  . . .     Gourm    .     B - +0 robe
rNeg   . . .     Faith    .     (shield currently unavailable)
rPois  .         Spirit   .     (no helmet)
rElec  .         Reflect  .     (no cloak)
rCorr  .         Harm     .     (no gloves)
MR     .....                    (no boots)
Stlth  +++.......               (no amulet)
                                (no ring)
                                (no ring)

@: mighty, agile, slowed, very slow
A: no striking features
a: no special abilities


You were on level 2 of the Dungeon.
You were not hungry.

You visited 1 branch of the dungeon, and saw 2 of its levels.

You collected 10 gold pieces.

Inventory:

Hand Weapons
 a - a +0 quarterstaff (weapon)
 b - a +0 hunting sling
   (You took it off a goblin on level 2 of the Dungeon)
Missiles
 d - 23 arrows
 i - 20 bolts
 k - 18 stones (quivered)
Armour
 B - a +0 robe (worn)
Scrolls
 e - a scroll of identify {unknown}
 g - a scroll of fear {unknown}
 l - a scroll of remove curse {unknown}
Books
 f - Lore's Volume of the Entourage

   Spells                             Type                      Level
   a - Summon Butterflies             Summoning                    1
   b - Summon Guardian Golem          Hexes/Summoning              3
 j - a book of Minor Magic

   Spells                             Type                      Level
   a - Magic Dart                     Conjuration                  1
   b - Blink                          Translocation                2
   c - Call Imp                       Summoning                    2
   d - Repel Missiles                 Charms/Air                   2
   e - Slow                           Hexes                        2
   f - Conjure Flame                  Conjuration/Fire             3
   g - Mephitic Cloud                 Conjuration/Poison/Air       3
Comestibles
 c - 2 bread rations


   Skills:
 + Level 0.4 Fighting
   Level 4.8 Long Blades
 - Level 1.0 Throwing
 + Level 1.5 Dodging
 - Level 1.1 Stealth
 - Level 1.2 Spellcasting
 - Level 1.0 Summonings
   Level 1.1 Translocations


You had one spell level left.
You knew the following spells:

 Your Spells              Type           Power        Failure   Level  Hunger
P - Summon Butterflies    Summ           #.......     21%         1    ##.....


Dungeon Overview and Level Annotations

Branches:
Dungeon (2/15)

Altars:

Annotations:
D:2 Ijyb


Message History

You swing at nothing.
You swing at nothing.
You swing at nothing.
You swing at nothing.
You swing at nothing.
You swing at nothing.
You swing at nothing.
You swing at nothing.
You swing at nothing.
You swing at nothing.
You swing at nothing.
You swing at nothing.
You swing at nothing.
You swing at nothing.
You swing at nothing.
You swing at nothing.
You swing at nothing.
You swing at nothing.
You swing at nothing.
You swing at nothing.
You swing at nothing.
You swing at nothing.
You swing at nothing.
You swing at nothing.
You swing at nothing.
You swing at nothing.
You swing at nothing.
You swing at nothing.
Wield which item (- for none, * to show all)? (? for menu, Esc to quit)
Okay, then.
Adjust (i)tems, (s)pells, or (a)bilities?
Adjust which item? (? for menu, Esc to quit)
j - an uncursed hunting sling Adjust to which letter? (? for menu, Esc to quit)
b - an uncursed hunting sling;
j - a book of Minor Magic Wield which item (- for none, * to show all)? (? for menu, Esc to quit)
b - a +0 hunting sling (weapon)
Found a bread ration.
c - 2 bread rations (gained 1)
Found a sapphire potion.
Found a hand axe.
Found a stone staircase leading up.
m - a sapphire potion
Found 18 gold pieces.
Ijyb the Twisted Goblin comes into view.
She is wielding an enchanted club.
Okay, then.
Firing (i - inventory):
k - 22 stones (quivered)
Press: ? - help, Shift-Dir - straight line, f - Ijyb
Aim: Ijyb, wielding an enchanted club and wearing a ring mail (resting)
You shoot a stone. The stone hits Ijyb but does no damage.
Ijyb shouts!
Firing (i - inventory):
k - 21 stones (quivered)
Press: ? - help, Shift-Dir - straight line, f/p - Ijyb
Aim: Ijyb, wielding an enchanted club and wearing a ring mail You shoot a stone.
The stone hits Ijyb but does no damage.
Firing (i - inventory):
k - 20 stones (quivered)
Press: ? - help, Shift-Dir - straight line, f/p - Ijyb
Aim: Ijyb, wielding an enchanted club and wearing a ring mail You shoot a stone.
The stone hits Ijyb but does no damage.
It was a potion of agility.
You feel agile all of a sudden.
Firing (i - inventory):
k - 19 stones (quivered)
Press: ? - help, Shift-Dir - straight line, f/p - Ijyb
Aim: Ijyb, wielding an enchanted club and wearing a ring mail You shoot a stone.
The stone barely misses Ijyb.
Ijyb zaps a wand.
You feel yourself slow down.
It is a wand of slowing.
It was a potion of might.
You feel very mighty all of a sudden.
a - a +0 quarterstaff (weapon)
Ijyb closely misses you.
You aren't carrying any potions.
Unknown command.
Okay, then.
You sock Ijyb!
Ijyb is moderately wounded.
Ijyb zaps a wand.
You feel as though you will be slow longer.
Ijyb closely misses you.
You thump Ijyb!
Ijyb is severely wounded.
Ijyb zaps a wand.
You feel as though you will be slow longer.
Ijyb screams, "I dance on your bones!" Ijyb closely misses you.
You closely miss Ijyb.
Ijyb is severely wounded.
Ijyb hits you with an enchanted club.
* * * LOW HITPOINT WARNING * * *
Ijyb hits you with an enchanted club.
* * * LOW HITPOINT WARNING * * *
You barely miss Ijyb.
Ijyb is severely wounded.
Ijyb zaps a wand.
You resist with significant effort.
You hit Ijyb.
Ijyb is severely wounded.
Ijyb zaps a wand.
You resist with significant effort. Ijyb completely misses you.
You closely miss Ijyb.
Ijyb is severely wounded.
Ijyb hits you with an enchanted club.
You die...

#..# #.##.. #.##.#
#.##.# #.##.# #
#######.##.# #..
........##.#####$..(
#######......)....(#
#.....@g.($(.#
#.##.#####....
#.##.# . #.....
..##... ########


You could see Ijyb.

Vanquished Creatures
  A bat (D:1)
  A goblin (D:2)
  2 frilled lizards (D:1)
4 creatures vanquished.

Notes
Turn   | Place    | Note
-------+----------+-------------------------------------------
     0 | D:1      | tidbits the High Elf Wanderer began the quest for the Orb.
     0 | D:1      | tidbits set off with: a book of Minor Magic, a +0 quarterstaff, Lore's Volume of the Entourage, a +0 robe, a bread ration
     0 | D:1      | Reached XP level 1. HP: 11/11 MP: 3/3
     0 | D:1      | Identified Lore's Volume of the Entourage
     2 | D:1      | Learned a level 1 spell: Summon Butterflies
   133 | D:2      | HP: 1/11 [goblin/stone (4)]
   230 | D:2      | Noticed Ijyb
   240 | D:2      | HP: 1/12 [Ijyb/enchanted club (3)]
   243 | D:2      | Slain by Ijyb

Action                   || total
-------------------------++-------
Melee: Quarterstaff      ||    19
 Fire: Hunting sling     ||     4
  Use: Potion            ||     2
 Stab: Sleeping          ||     1
Dodge: Dodged            ||    13

Table legend:
 A = Turns spent in this place as a percentage of turns spent in the entire game.
 B = Non-inter-level travel turns spent in this place as a percentage of non-inter-level travel turns spent in the entire game.
 C = Inter-level travel turns spent in this place as a percentage of turns spent in this place.
 D = Turns resting spent in this place as a percentage of non-inter-level travel turns spent in this place.
 E = Turns spent auto-exploring this place as a percentage of non-inter-level travel turns spent in this place.
 F = Non-inter-level travel turns spent in this place divided by the number of levels of this place that you've seen.
                   A       B       C       D       E      F
               +-------+-------+-------+-------+-------+----------------------
         Total | 100.0 | 100.0 |   0.0 |   0.0 |   0.0 | 119.0
       Dungeon | 100.0 | 100.0 |   0.0 |   0.0 |   0.0 | 119.0
               +-------+-------+-------+-------+-------+----------------------

Table legend:
 A = Kills in this place as a percentage of kills in entire the game.
 B = Kills by you in this place as a percentage of kills by you in the entire game.
 C = Kills by friends in this place as a percentage of kills by friends in the entire game.
 D = Other kills in this place as a percentage of other kills in the entire game.
 E = Experience gained in this place as a percentage of experience gained in the entire game.
 F = Experience gained in this place divided by the number of levels of this place that you have seen.
                   A       B       C       D       E      F
               +-------+-------+-------+-------+-------+----------------------
         Total | 100.0 | 100.0 |  -nan |  -nan | 100.0 |   3.0
       Dungeon | 100.0 | 100.0 |  -nan |  -nan | 100.0 |   3.0
               +-------+-------+-------+-------+-------+----------------------

Vault maps used:
D:1:      roderic_crossed_star, item_on_display_a
D:2:      first_bread, uniq_robin, uniq_crazy_yiuf_cottage, uniq_iyjb
